AoeStats
← 肥羊

Arena

510110409Analyzed
4v4 RM · 1d ago on Sep 29, 2026· 51m 32s· 8 players
Game mode
Random Map
Map size
Large (8 player)
Population
200
Speed
Normal
Resources
Standard
Victory
Conquest
Starting age
Dark Age
Ending age
Imperial Age
RankedLock teamsTeams togetherTeam positionsShared explorationLock speedFull tech treeHidden civsTurbo modeCheats
Victory
Defeat
🇨🇳 Koreans · China
1327
+11
🇪🇸 Khmer · Spain
1263
+14
🇩🇪 Celts · Germany
1247
+14
🇨🇳 Franks · China
1194
+16
🇦🇷 Saxons · Argentina
1233
-15
🇩🇪 Mongols · Germany
1219
-14
🇨🇳 Wei · China
1215
-14
🇭🇰 Spanish · Hong Kong SAR China
1174
-12
肥羊
10:36 Feudal Age
14:14 Castle Age
12:04 Loom
12:57 Double-Bit Axe
26:53 Bow Saw
26:14 Clerical Recruitment
33:00 Horse Collar
34:05 Gold Mining
35:04 Sanctity
36:06 Heavy Plow
35:48 Pikeman
40:59 Imperial Age
39:06 Wheelbarrow
38:46 Squires
40:32 Forging
40:23 Scale Mail Armor
41:28 Hand Cart
43:29 Block Printing
45:07 Theocracy
44:57 Illumination
45:43 Devotion
47:54 Halberdier
48:20 Arson
EinzbernMK
11:20 Feudal Age
15:15 Castle Age
13:25 Double-Bit Axe
13:49 Horse Collar
14:57 Loom
17:04 Wheelbarrow
16:53 Bow Saw
16:46 Heavy Plow
21:01 Fervor
21:50 Padded Archer Armor
28:14 Ballistics
30:04 Gold Mining
30:33 Fortified Wall
31:05 Husbandry
31:15 Bloodlines
37:19 Imperial Age
35:35 Stone Mining
38:20 Stone Shaft Mining
咸鱼
10:59 Feudal Age
15:47 Castle Age
14:32 Double-Bit Axe
14:31 Horse Collar
22:29 Heavy Plow
27:36 Wheelbarrow
30:07 Imperial Age
27:38 Squires
27:34 Pikeman
28:25 Gold Mining
29:35 Tuntian
31:18 Conscription
31:58 Crop Rotation
31:41 Bow Saw
32:12 Gold Shaft Mining
31:30 Stone Mining
34:12 Forging
34:07 Scale Barding Armor
34:21 Hand Cart
34:22 Husbandry
34:33 Bloodlines
33:43 Heavy Hei Guang Cavalry
35:40 Town Watch
36:35 Halberdier
38:19 Loom
39:45 Illumination
40:44 Iron Casting
40:10 Scale Mail Armor
41:22 Theocracy
41:07 Block Printing
42:29 Blast Furnace
43:44 Ming Guang Armor
venOm
9:07 Feudal Age
12:51 Castle Age
11:26 Double-Bit Axe
11:25 Horse Collar
14:39 Bow Saw
18:45 Wheelbarrow
20:27 Heavy Plow
21:57 Fletching
22:57 Gold Mining
22:57 Stone Mining
23:28 Bodkin Arrow
25:55 Loom
26:52 Ballistics
30:06 Imperial Age
28:03 Padded Archer Armor
28:45 Husbandry
29:52 Thumb Ring
29:59 Bloodlines
30:14 Hand Cart
30:49 Bracer
31:53 Chemistry
31:38 Conscription
32:27 Elite Mangudai
33:23 Leather Archer Armor
35:05 Parthian Tactics
37:48 Onager
41:54 Drill
945100118
10:35 Feudal Age
14:15 Castle Age
14:24 Double-Bit Axe
21:13 Bow Saw
21:59 Gold Mining
25:01 Wheelbarrow
25:41 Husbandry
26:06 Forging
26:03 Scale Barding Armor
29:15 Chain Barding Armor
29:31 Iron Casting
29:39 Hand Cart
29:09 Town Watch
29:10 Loom
31:59 Imperial Age
32:31 Cavalier
34:13 Plate Barding Armor
34:39 Blast Furnace
34:41 Chemistry
34:01 Ballistics
36:13 Padded Archer Armor
36:04 Fletching
36:53 Paladin
39:07 Gold Shaft Mining
38:22 Stone Mining
39:22 Ordonnance Companies
40:23 Conscription
39:23 Elite Throwing Axeman
41:13 Leather Archer Armor
40:53 Bodkin Arrow
41:55 Chivalry
Jagobert Juck
9:14 Loom
11:54 Feudal Age
15:39 Castle Age
13:54 Horse Collar
14:37 Double-Bit Axe
16:31 Wheelbarrow
17:00 Bow Saw
16:52 Heavy Plow
17:28 Stone Mining
21:29 Stone Shaft Mining
22:20 Gold Mining
23:47 Gold Shaft Mining
24:53 Ballistics
29:40 Arson
30:12 Forging
30:37 Hand Cart
30:43 Murder Holes
30:58 Masonry
33:28 Fortified Wall
33:54 Masonry
37:47 Imperial Age
35:02 Town Watch
35:26 Fletching
35:20 Pikeman
37:05 Bodkin Arrow
37:11 Scale Mail Armor
37:46 Iron Casting
38:08 Stronghold
39:01 Siege Engineers
39:58 Chemistry
39:02 Heavy Scorpion
40:20 Conscription
39:41 Capped Ram
40:29 Town Patrol
42:52 Blast Furnace
42:08 Chain Mail Armor
41:53 Padded Archer Armor
41:44 Siege Ram
43:28 Furor Celtica
46:52 Sappers
50:55 Hoardings
Dr_Sanz
10:40 Feudal Age
13:45 Castle Age
12:02 Double-Bit Axe
12:10 Horse Collar
12:23 Gold Mining
14:13 Wheelbarrow
13:30 Loom
14:39 Bow Saw
14:40 Heavy Plow
19:40 Gold Shaft Mining
19:01 Stone Mining
21:29 Scale Barding Armor
21:35 Forging
21:47 Forging
24:10 Bloodlines
24:33 Husbandry
24:51 Light Cavalry
29:48 Imperial Age
28:38 Chain Barding Armor
28:53 Iron Casting
29:17 Devotion
30:47 Hand Cart
30:18 Town Watch
32:15 Blast Furnace
31:51 Plate Barding Armor
32:40 Stone Shaft Mining
31:45 Elite Battle Elephant
34:51 Elite Ballista Elephant
35:33 Tusk Swords
35:54 Conscription
36:00 Faith
43:08 Hussar
SimonGood
10:48 Feudal Age
11:40 Double-Bit Axe
15:06 Castle Age
12:49 Horse Collar
16:08 Bow Saw
19:15 Fletching
23:18 Bodkin Arrow
26:02 Loom
27:56 Wheelbarrow
27:19 Gold Mining
27:32 Stone Mining
30:49 Imperial Age
28:12 Loom
29:05 Gold Shaft Mining
29:55 Stone Shaft Mining
29:59 Treadmill Crane
30:28 Elite Skirmisher
31:32 Ballistics
31:54 Bracer
32:06 Thumb Ring
33:29 Chemistry
32:54 Conscription
34:41 Crossbowman
35:11 Arrowslits
35:32 Siege Engineers
35:22 Murder Holes
35:39 Eupseong
36:17 Hand Cart
37:55 Arbalester
41:20 Fortified Wall
Connection lost

Rejoining the realm…

Still unreachable

The connection could not be restored.

Session expired

The server has moved on; the page needs a fresh start.